 Dungeon Crawl Stone Soup version 0.29.0-4-gdea44cf6ec (webtiles) character file.

Game seed: 10864319597519417979

41 qw the Vexing (level 3, -9/35 HPs)
             Began as an Ogre Enchanter on Sept 3, 2022.
             Mangled by an iguana (12 damage)
             ... on level 2 of the Dungeon.
             The game lasted 00:01:27 (2215 turns).

qw the Vexing (Ogre Enchanter)                      Turns: 2215, Time: 00:01:27

Health: -9/35      AC:  3    Str: 14    XL:     3   Next: 52%
Magic:  6/6        EV:  9    Int: 16    God:
Gold:   114        SH:  0    Dex:  9    Spells: 6/6 levels left

rFire   . . .      SeeInvis .   a - +0 hand axe
rCold   . . .      Faith    .   (no shield)
rNeg    . . .      Spirit   .   b - +0 robe
rPois   .          Reflect  .   (helmet restricted)
rElec   .          Harm     .   (no cloak)
rCorr   .          Rampage  .   (gloves unavailable)
Will    .....                   (boots unavailable)
Stlth   ++........              (no amulet)
HPRegen 0.11/turn               (no ring)
MPRegen 0.10/turn               (no ring)

@: no status effects
A: large, unfitting armour, tough skin 1
a: no special abilities


You were on level 2 of the Dungeon.
You visited 1 branch of the dungeon, and saw 2 of its levels.

You collected 114 gold pieces.


Innate Abilities, Weirdness & Mutations

You are too large for most types of armour.
You have tough skin. (AC +1)


   Skills:
 - Level 2.0 Fighting
 - Level 0.8 Short Blades
 + Level 2.5 Axes
 - Level 1.7 Dodging
 - Level 2.1 Stealth
 - Level 2.4 Spellcasting
 - Level 2.6 Hexes


You had 6 spell levels left.
You didn't know any spells.
Your spell library contained the following spells:

 Spells                   Type           Power      Damage    Failure   Level
 Ensorcelled Hibernation  Hex/Ice        12%        N/A       17%         2
 Confusing Touch          Hex            10%        N/A       21%         3
 Tukima's Dance           Hex            10%        N/A       21%         3
 Dazzling Flash           Conj/Hex       12%        N/A       34%         3

Inventory:

Hand Weapons
 a - a +0 hand axe (weapon)
 Y - a +0 whip
Armour
 b - a +0 robe (worn)
Jewellery
 c - an amulet of guardian spirit
 g - an amulet of regeneration
Potions
 d - a potion of might {unknown}
 e - a potion of mutation {unknown}
 f - 2 potions of brilliance {unknown}
 j - a potion of curing {unknown}
 k - a potion of cancellation {unknown}

Dungeon Overview and Level Annotations

Branches:
Dungeon (2/15)

Altars:


Message History

The kobold hits you with a +0 club. The kobold misses you.
You hit the kobold.
You kill the kobold!
You start resting.
An endoplasm comes into view.
2119 ||| FLEEEEING.
You start resting.
HP restored.
Things that are here:
a +0 club; 3 stones; a kobold corpse
Found a stone.
g - an amulet of regeneration
Found a ring mail.
Found a hand axe.
Found a stone staircase leading down.
An iguana comes into view.
The iguana hisses angrily.
You see here a +2 robe of willpower.
2203 ||| Stepping ~*~*~tactically~*~*~ (stealth).
You hit the iguana.
The iguana is lightly wounded.
The iguana misses you.
You barely miss the iguana.
The iguana is lightly wounded.
The iguana bites you but does no damage.
You barely miss the iguana.
The iguana is lightly wounded.
The iguana bites you!
You closely miss the iguana.
The iguana is lightly wounded.
The iguana bites you! The iguana bites you.
You barely miss the iguana.
The iguana is lightly wounded.
The iguana bites you.
You closely miss the iguana.
The iguana is lightly wounded.
The iguana completely misses you.
You barely miss the iguana.
The iguana is lightly wounded.
The iguana bites you!
You die...

....###.###
#.##.......#
<##.# #.#
#.######...#
###.# #.# #.#
#...# ...#. ..#
##.######...#
###.#####
###...#.......#
#......# #.#.#
#.#...#.# #(#.#
#.##.#### # #@#
#l#
#.....J......#
#...>...#####.
#.......#
J........#
##.)......
#.......#
#.......#


You could see an iguana and an endoplasm.

Vanquished Creatures
  2 dart slugs
  4 ball pythons
  4 bats
  4 endoplasms
  A giant cockroach (D:2)
  3 goblins
  4 hobgoblins
  3 kobolds
  3 quokkas (D:1)
  2 frilled lizards (D:1)
  4 rats
34 creatures vanquished.

Notes
Turn   | Place    | Note
-------+----------+-------------------------------------------
     0 | D:1      | qw the Ogre Enchanter began the quest for the Orb.
     0 | D:1      | Reached XP level 1. HP: 16/16 MP: 3/3
     0 | D:1      | 0 ||| qw: Version: 0.1-a-102-g441f92d
     0 | D:1      | 0 ||| qw: Game counter: 5193
     0 | D:1      | 0 ||| qw: Always use a shield: true
     0 | D:1      | 0 ||| qw: God list: Okawaru
     0 | D:1      | 0 ||| qw: Allow faded altars: false
     0 | D:1      | 0 ||| qw: Do Orc after D:15 true
     0 | D:1      | 0 ||| qw: Do second Lair branch before Depths: true
     0 | D:1      | 0 ||| qw: Lair rune preference: random
     0 | D:1      | 0 ||| qw: Plans: Normal
     0 | D:1      | 0 ||| PLANNING D:1-11
    46 | D:1      | 46 ||| SWAPPING to +0 short sword.
    47 | D:1      | 47 ||| DROPPING +1 dagger.
   232 | D:1      | Reached skill level 1 in Axes
   383 | D:1      | Reached skill level 1 in Fighting
   490 | D:1      | Reached XP level 2. HP: 22/27 MP: 5/5
   614 | D:1      | 614 ||| Stepping ~*~*~tactically~*~*~ (outnumbered).
   615 | D:1      | 615 ||| Stepping ~*~*~tactically~*~*~ (outnumbered).
   984 | D:1      | 984 ||| SWAPPING to +0 whip.
   985 | D:1      | 985 ||| DROPPING +0 short sword.
  1051 | D:1      | 1051 ||| Stepping ~*~*~tactically~*~*~ (stealth).
  1055 | D:1      | 1055 ||| Stepping ~*~*~tactically~*~*~ (stealth).
  1057 | D:1      | 1057 ||| Stepping ~*~*~tactically~*~*~ (stealth).
  1059 | D:1      | 1059 ||| Stepping ~*~*~tactically~*~*~ (stealth).
  1061 | D:1      | 1061 ||| Stepping ~*~*~tactically~*~*~ (stealth).
  1063 | D:1      | 1063 ||| Stepping ~*~*~tactically~*~*~ (stealth).
  1266 | D:1      | Found a faded altar of an unknown god.
  1270 | D:1      | 1270 ||| Stepping ~*~*~tactically~*~*~ (stealth).
  1274 | D:1      | 1274 ||| Stepping ~*~*~tactically~*~*~ (stealth).
  1280 | D:1      | 1280 ||| Stepping ~*~*~tactically~*~*~ (stealth).
  1285 | D:1      | 1285 ||| Stepping ~*~*~tactically~*~*~ (stealth).
  1287 | D:1      | 1287 ||| Stepping ~*~*~tactically~*~*~ (stealth).
  1306 | D:1      | Reached XP level 3. HP: 27/35 MP: 6/6
  1604 | D:1      | 1604 ||| READING scroll labelled GONAFF GEPAE.
  1605 | D:1      | 1605 ||| READING scroll labelled EDOWOR TUTE.
  1606 | D:1      | 1606 ||| READING scroll labelled EFAEWK IRUCI.
  1607 | D:1      | 1607 ||| READING scroll labelled XET HIUMPIUNI.
  1610 | D:1      | 1610 ||| DROPPING 2 potions of invisibility.
  1724 | D:2      | 1724 ||| SWAPPING to +0 hand axe.
  2119 | D:2      | 2119 ||| FLEEEEING.
  2203 | D:2      | 2203 ||| Stepping ~*~*~tactically~*~*~ (stealth).
  2212 | D:2      | HP: 6/35 [iguana (5)]
  2213 | D:2      | HP: 2/35 [iguana (4)]
  2215 | D:2      | Mangled by an iguana

Levels and vault maps discovered:
D:1:      roderic_octagonal_star, layout_basic,
          hellmonk_ecumenical_altar_blasted, nicolae_kite_square_tiling_tiny
D:2:      layout_loops_ring, minmay_misc_feat_tiny

Skill      XL: |  1  2  3 |
---------------+----------+-----
Axes           | 1 2 |  2.5
Fighting       | 1 2 |  2.0
Short Blades   | |  0.8
Dodging        | |  1.7
Stealth        | |  2.1
Spellcasting   | |  2.4
Hexes          | |  2.6

Action                   || total
-------------------------++-------
Melee: Short sword       ||    74
       Dagger            ||     5
       Whip              ||    44
       Hand axe          ||    46
       Punch             ||     1
  Use: Scroll            ||     4
 Stab: Sleeping          ||     1
Armor: Robe              ||    72
Dodge: Dodged            ||    77

Table legend:
 A = Non-vault XP
 B = Vault XP
 C = Vault XP percentage of total XP
 D = Non-vault monster count
 E = Vault monster count
 F = Vault count percentage of total count
                 A         B        C        D         E       F
            +---------+---------+-------+---------+---------+-------
      Total |      59 |       0 |   0.0 |      34 |       0 |   0.0
            +---------+---------+-------+---------+---------+-------
        D:1 |      37 |       0 |   0.0 |      21 |       0 |   0.0
        D:2 |      22 |       0 |   0.0 |      13 |       0 |   0.0
            +---------+---------+-------+---------+---------+-------
